 Dungeon Crawl Stone Soup version 0.20-a0-971-g5896763 (webtiles) character file.

390 AlphabetPasta the Changer (level 6, -2/34 HPs)
             Began as a Deep Elf Transmuter on Apr 8, 2017.
             Killed by divine providence
             ... invoked by an orc priest
              (10 damage)
             ... on level 4 of the Dungeon.
             The game lasted 00:18:48 (5109 turns).

AlphabetPasta the Changer (Deep Elf Transmuter)     Turns: 5109, Time: 00:18:49

Health: -2/34      AC:  2    Str:  9    XL:     6   Next: 50%
Magic:  12/14      EV: 22    Int: 18    God:
Gold:   179        SH:  0    Dex: 20    Spells: 3/13 levels left

rFire    . . .     SeeInvis .     - Unarmed
rCold    . . .     Gourm    .   (shield currently unavailable)
rNeg     . . .     Faith    .   (armour currently unavailable)
rPois    x         Spirit   .   (helmet currently unavailable)
rElec    .         Reflect  .   (cloak currently unavailable)
rCorr    .         Harm     .   (gloves currently unavailable)
MR       .....                  (boots currently unavailable)
Stlth    ++........             (no amulet)
Regen    0.2/turn               (no ring)
MPRegen  0.2/turn               (no ring)

@: spider-form (expiring)
A: no striking features
a: End Transformation


You were on level 4 of the Dungeon.
You were not hungry.
You were a venomous arachnid creature.
You visited 1 branch of the dungeon, and saw 4 of its levels.

You collected 179 gold pieces.

Inventory:

Missiles
 a - 60 arrows
 j - 15 tomahawks (quivered)
Armour
 b - a +0 robe (melded)
 k - a +0 cloak (melded)
 r - a +0 pair of boots (melded)
Jewellery
 m - a cursed ring of wizardry {unknown}
Wands
 s - a wand of disintegration (8/24)
Scrolls
 i - a scroll of magic mapping
 n - 2 scrolls of teleportation
 t - a scroll of amnesia
Potions
 e - a potion of haste
 h - a potion of heal wounds
 l - a potion of curing
 o - 2 potions of brilliance
 q - a potion of lignification {unknown}
Books
 c - a book of Changes

   Spells                             Type                      Level
   a - Beastly Appendage              Transmutation                1
   b - Sticks to Snakes               Transmutation                2
   c - Spider Form                    Transmutation/Poison         3
   d - Ice Form                       Ice/Transmutation            4
   e - Blade Hands                    Transmutation                5
Comestibles
 d - 5 bread rations
 f - 3 meat rations
 p - a royal jelly


   Skills:
 + Level 1.5 Fighting
 + Level 3.7 Dodging
 * Level 3.9 Unarmed Combat
 + Level 4.1 Spellcasting
 * Level 4.4 Transmutations
 + Level 1.3 Ice Magic
 - Level 1.0 Poison Magic


You had 3 spell levels left.
You knew the following spells:

 Your Spells              Type           Power        Failure   Level  Hunger
a - Beastly Appendage     Tmut           ###...       8%          1    None
b - Sticks to Snakes      Tmut           ###.....     12%         2    ##.....
c - Spider Form           Tmut/Pois      ##........   36%         3    ###....
d - Ice Form              Ice/Tmut       ##......     75%         4    ####...


Dungeon Overview and Level Annotations

Branches:
Dungeon (4/15)
 Temple: D:4-7

Altars:
Dithmenos
Gozag
Qazlal
Ru

Annotations:
D:3 Devintownsend's ghost, amateur MiFi


Message History

The orc priest is heavily wounded.
The orc wizard completely misses you. The orc priest hits you with a club.
The orc completely misses you.
Unknown command.
You hit the orc priest but do no damage.
The orc priest is severely wounded.
Your transformation is almost over.
You kill the orc priest!
The orc priest hits you with a club.
The orc wizard gestures wildly while chanting.
The orc wizard seems to speed up.
The orc barely misses you. The orc wizard misses you.
You hit the orc wizard.
The orc wizard is moderately wounded.
The orc wizard casts a spell at you. The puff of flame hits you!
* * * LOW HITPOINT WARNING * * *
The orc priest mumbles some strange prayers to Beogh against you.
Beogh smites you!
You die...

####.#.# ### #......# #<#
#.#..#.# #.# #.#..#.# #.#
#.#..#.# ### #s#
##########....#.# ... #.#
#..........##.#.# ...##.####
#o#.#####.....#.# .........+
#s#......>.#.#.# ...##.####
#ooo#.###.....#.# ...##.#
#.....#........#.#
......######.#.≈≈≈.#..#....##.#
...#.........#≈...≈#..#.......#
...#..######.#≈._.≈#..#....####
...##.# #.#≈...≈#..#....######
### #.##
##.#.≈≈≈.#..#.......... #..#
..#.....#.............


You could see an orc priest, 2 orc wizards and an orc.

Vanquished Creatures
  A scorpion (D:4)
  4 orc priests (D:4)
  2 hounds (D:4)
  2 orc wizards (D:4)
  3 adders
  An ooze (D:2)
  3 worms (D:3)
  2 dart slugs
  2 leopard geckos (D:2)
  3 orcs (D:4)
  2 ball pythons
  2 giant cockroaches
  7 goblins
  4 hobgoblins
  6 jackals
  7 kobolds
  A quokka (D:3)
  7 bats
  8 frilled lizards
  5 rats
72 creatures vanquished.

Vanquished Creatures (collateral kills)
  An adder (D:2)
1 creature vanquished.

Grand Total: 73 creatures vanquished

Notes
Turn   | Place    | Note
-------+----------+-------------------------------------------
     0 | D:1      | AlphabetPasta the Deep Elf Transmuter began the quest for the Orb.
     0 | D:1      | Reached XP level 1. HP: 11/11 MP: 6/6
   411 | D:1      | Reached XP level 2. HP: 13/16 MP: 6/8
   415 | D:1      | Learned a level 2 spell: Sticks to Snakes
  1442 | D:2      | Reached XP level 3. HP: 16/20 MP: 2/9
  1447 | D:2      | Learned a level 3 spell: Spider Form
  1674 | D:2      | Found a stormy altar of Qazlal.
  1968 | D:2      | Found an opulent altar of Gozag.
  2438 | D:3      | Noticed Devintownsend's ghost (amateur MiFi)
  2820 | D:3      | Reached XP level 4. HP: 24/24 MP: 5/11
  2829 | D:3      | Learned a level 4 spell: Ice Form
  2907 | D:3      | Learned a level 4 spell: Ice Form
  4008 | D:4      | Reached skill level 1 in Poison Magic
  4031 | D:4      | Reached skill level 1 in Fighting
  4031 | D:4      | Reached XP level 5. HP: 13/29 MP: 7/12
  4391 | D:4      | Found a shadowy altar of Dithmenos.
  4572 | D:4      | Reached skill level 1 in Ice Magic
  4572 | D:4      | Reached XP level 6. HP: 20/34 MP: 14/14
  4810 | D:4      | Found a sacrificial altar of Ru.
  5109 | D:4      | Killed from afar by an orc priest

Vault maps used:
D:1:      eino_arrival_cavern_b
D:2:      marbit_many_paths, lemuel_coloured_pillars_altar, first_bread
D:3:      kennysheep_generic_room_7
D:4:      nicolae_ru_awakened_eye, overflow_temple_1_default

Skill      XL: |  1  2  3  4  5 |
---------------+----------------+-----
Transmutations | 3 4 |  4.4
Unarmed Combat | 3 |  3.9
Dodging        | 3 |  3.7
Poison Magic   | 1 |  1.0
Fighting       | 1 |  1.5
Spellcasting   | 4 |  4.1
Ice Magic      | 1 |  1.3

Action                   |  1- 3 |  4- 6 || total
-------------------------+-------+-------++-------
Melee: Unarmed           |   158 |   171 ||   329
       Headbutt          |    13 |     6 ||    19
       Kick              |     6 |     5 ||    11
       Punch             |     2 |     2 ||     4
 Cast: Beastly Appendage |    32 |    15 ||    47
       Sticks to Snakes  |     4 |       ||     4
       Spider Form       |     1 |     6 ||     7
Evoke: Wand              |       |     2 ||     2
  Use: Scroll            |     6 |     3 ||     9
       Potion            |       |     6 ||     6
 Stab: Sleeping          |     5 |       ||     5
  Eat: Chunk             |     6 |     8 ||    14
Armor: Robe              |    25 |    23 ||    48
       Skin              |       |     6 ||     6
Dodge: Dodged            |    91 |   123 ||   214
